 Dungeon Crawl Stone Soup version 0.31-a0-564-g3b7de120b3 (webtiles) character file.

Game seed: 11525774445422785545

182 zazu2006 the Magician (level 5, -1/44 HPs)
             Began as a Naga Hedge Wizard on Aug 17, 2023.
             Slain by Duvessa
             ... wielding a +0 short sword
              (19 damage)
             ... on level 4 of the Dungeon.
             The game lasted 00:05:45 (3960 turns).

zazu2006 the Magician (Naga Hedge Wizard)           Turns: 3960, Time: 00:05:46

Health: -1/44      AC:  4    Str: 12    XL:     5   Next: 61%
Magic:  4/11       EV: 15    Int: 16    God:
Gold:   290        SH:  0    Dex: 11    Spells: 6/12 levels left

rFire   . . .        f - +0 long sword
rCold   . . .        (no shield)
rNeg    . . .        n - +2 robe "Soatobil" {rCorr}
rPois   +            c - +0 hat
rElec   .            (no cloak)
rCorr   +            (no gloves)
SInv    +            (no barding)
Will    .....        (no amulet)
Stlth   ++           l - +5 ring of evasion
HPRegen 0.27/turn    m - ring of wizardry
MPRegen 0.12/turn

%: wizardry (x1)
@: very slow
A: AC +1, large, see invisible, deformed body, poison resistance, slowness 2,
spit poison 1, naga tail 1
a: Spit Poison


You were on level 4 of the Dungeon.
You visited 1 branch of the dungeon, and saw 4 of its levels.

You collected 290 gold pieces.

Inventory:

Hand Weapons
 f - a +0 long sword (weapon)
Missiles
 h - 7 poisoned darts
Armour
 b - a +0 robe
 c - a +0 hat (worn)
 n - the +2 robe "Soatobil" (worn) {rCorr}
   (You found it on level 3 of the Dungeon)

   rCorr:     It protects you from acid and corrosion.
Jewellery
 l - a +5 ring of evasion (left hand)
 m - a ring of wizardry (right hand)
 o - an amulet of magic regeneration
Scrolls
 a - a scroll of noise {unknown}
 e - 4 scrolls of identify {unknown}
 j - a scroll of enchant armour {unknown}
 k - a scroll of fog {unknown}
 q - a scroll of enchant weapon {unknown}
Potions
 d - a potion of magic
 g - a potion of haste
 i - 2 potions of curing
 p - a potion of enlightenment {unknown}
 r - a potion of heal wounds {unknown}


   Skills:
 + Level 1.5 Fighting
 - Level 0.3(0.9) Short Blades
 + Level 1.1(1.2) Long Blades
 + Level 2.3 Dodging
 + Level 3.5 Stealth
 + Level 4.3 Spellcasting
 + Level 1.8 Conjurations
 + Level 1.0 Summonings
 + Level 1.0 Translocations


You had 6 spell levels left.
You knew the following spells:

 Your Spells              Type           Power      Damage    Failure   Level
a - Magic Dart            Conj           36%        1d4       3%          1
b - Mephitic Cloud        Conj/Pois/Air  5%         N/A       16%         3
c - Blink                 Tloc           12%        N/A       6%          2

Your spell library contained the following spells:

 Spells                   Type           Power      Damage    Failure   Level
 Slow                     Hex            12%        N/A       6%          1
 Call Imp                 Summ           12%        N/A       6%          2
 Lesser Beckoning         Tloc           12%        N/A       6%          2
 Momentum Strike          Conj/Tloc      16%        3d8       6%          2
 Cigotuvi's Dreadful Rot  Necr/Pois/Air  6%         N/A       10%         2


Dungeon Overview and Level Annotations

Branches:
Dungeon (4/15)             Temple (0/1) D:4

Altars:

Shops:
D:3 (

Annotations:
D:2 1 runed translucent door, Crazy Yiuf
D:4 Duvessa


Innate Abilities, Weirdness & Mutations

Your serpentine skin is tough. (AC +1)
You have supernaturally acute eyesight. (SInv)
Armour fits poorly on your strangely shaped body.
Your system is resistant to poisons. (rPois)
You cover ground very slowly.
You can spit poison.
You have a snake-like lower body.


Message History

Dowan is heavily wounded.
You hit Dowan.
Dowan is severely wounded.
Dowan hits you with a +0 dagger. Dowan barely misses you.
Unknown command.
You catch the helpless Dowan completely off-guard!
You hit Dowan.
Dowan is almost dead.
Dowan barely misses Duvessa.
Dowan barely misses himself.
You slash Dowan!
You kill Dowan!
Duvessa weeps, and shakes her weapon.
Duvessa goes berserk!
Your Long Blades skill increases to level 1!
Aiming: Spit Poison (1% risk of failure)
Press: ? - help, Shift-Dir - straight line, f - Duvessa
Aim: Duvessa, wielding a +0 short sword and wearing a +0 leather armour (lightly wounded, berserk, confused, 91% to hit)
The splash of poison hits Duvessa.
Duvessa is poisoned.
Duvessa is lightly wounded.
Unknown command.
Duvessa barely misses you.
Things that are here:
a +0 dagger; a +0 robe; the elf corpse of Dowan You slash Duvessa!
Duvessa is moderately wounded.
Duvessa seems less confused.
Duvessa hits you with a +0 short sword. Duvessa hits you with a +0 short sword!
Casting: Mephitic Cloud (dangerous; 16% risk of failure)
Confirm with . or Enter, or press ? or * to list all spells.
Aiming: Mephitic Cloud (dangerous; 16% risk of failure)
Press: ? - help, Shift-Dir - straight line, f/p - Duvessa
Aim: Duvessa, wielding a +0 short sword and wearing a +0 leather armour (heavily wounded, berserk, poisoned, chance to affect: 81%)
The ball explodes into a vile cloud!
The stinking cloud engulfs Duvessa but does no damage.
Duvessa is heavily wounded.
The stinking cloud engulfs you but does no damage.
You have got your breath back.
Duvessa is engulfed in noxious fumes.
Duvessa appears confused.
Duvessa hits you with a +0 short sword!!
You die...

#...........# #...........#
#.#
###...........############.#
........#.##.[...........#.#
........#.##############.#.#
........#..........#####.#.#
............................
........##########.#####.#.#
...........@☼☼.............†
........####e......#####.#.#
........# .☼....) #.#.#
........# P...... #.#.#
........# ..>.... #.#.#
........# .P..... #.#.#
........# ....... ..#.#
....... ..$.... ###.# ..#


You could see Duvessa (berserk, confused, poisoned).

Vanquished Creatures
  Dowan (D:4)
  A sleepcap (D:3)
  5 adders
  2 worms
  A dart slug (D:2)
  A bat (D:2)
  6 endoplasms
  5 giant cockroaches
  4 goblins
  3 hobgoblins
  4 jackals (D:2)
  3 quokkas
  4 ball pythons
  2 frilled lizards
  8 kobolds
50 creatures vanquished.

Notes
Turn   | Place    | Note
-------+----------+-------------------------------------------
     0 | D:1      | zazu2006 the Naga Hedge Wizard began the quest for the Orb.
     0 | D:1      | Reached XP level 1. HP: 15/15 MP: 4/4
   547 | D:1      | Reached XP level 2. HP: 22/22 MP: 0/6
  1503 | D:2      | Found a runed translucent door.
  1504 | D:2      | Noticed Crazy Yiuf
  1649 | D:2      | Reached XP level 3. HP: 8/28 MP: 0/8
  1741 | D:2      | Learned a level 3 spell: Mephitic Cloud
  1744 | D:2      | Learned a level 2 spell: Blink
  1894 | D:2      | Reached skill level 4 in Spellcasting
  2047 | D:2      | Reached XP level 4. HP: 12/36 MP: 0/10
  3161 | D:3      | Identified the +1 whip "Santi" {heavy, rPois rC+ Int+3}
  3242 | D:3      | Identified the +2 robe "Soatobil" {rCorr}
  3326 | D:3      | Reached skill level 1 in Fighting
  3326 | D:3      | Reached XP level 5. HP: 41/44 MP: 11/11
  3713 | D:3      | Found Kocyts's Weapon Shop.
  3943 | D:4      | Found a staircase to the Ecumenical Temple.
  3943 | D:4      | Noticed Dowan
  3943 | D:4      | Noticed Duvessa
  3956 | D:4      | Killed Dowan
  3957 | D:4      | Reached skill level 1 in Long Blades
  3960 | D:4      | Slain by Duvessa

Illustrated notes

Levels and vault maps discovered:
D:1:      saegor_arrival_under_anarchy, layout_loops_corners,
          minmay_gold_behind_fungi
D:2:      layout_loops_ring, chequers_hall_statues_y, minmay_misc_feat_hallway,
          nicolae_kite_square_tiling_tiny, minmay_increasing_density,
          uniq_crazy_yiuf_cottage
D:3:      layout_basic, serial_shops, nicolae_shop_real_fake_doors,
          serial_bayou_lagoon_b
D:4:      layout_basic, minmay_temple_entry_overgrown, minmay_misc_feat_encased,
          minmay_fractal_squares_5, uniq_duvessa, uniq_menkaure

Skill      XL: |  1  2  3  4  5 |
---------------+----------------+-----
Spellcasting   | 4 |  4.3
Dodging        | 2 |  2.3
Fighting       | 1 |  1.5
Long Blades    | 1 |  1.1
Short Blades   | |  0.3
Stealth        | |  3.5
Conjurations   | |  1.8
Summonings     | |  1.0
Translocations | |  1.0

Action                     |  1- 3 |  4- 6 || total
---------------------------+-------+-------++-------
  Melee: Dagger            |    24 |    35 ||    59
         Long sword        |       |    38 ||    38
   Cast: Magic Dart        |    76 |    57 ||   133
         Mephitic Cloud    |       |     3 ||     3
Ability: Spit Poison       |    11 |    12 ||    23
    Use: Potion            |       |     3 ||     3
   Stab: Confused          |       |     1 ||     1
 Armour: Robe              |     8 |    27 ||    35
  Dodge: Dodged            |    27 |    58 ||    85

Table legend: (Time is in decaauts)
 A = Elapsed time spent in this place.
 B = Non-inter-level travel time spent in this place.
 C = Inter-level travel time spent in this place.
 D = Time resting spent in this place.
 E = Time spent auto-exploring this place.
 F = Levels seen in this place.
 G = Mean time per level.
                   A        B        C        D        E       F      G
               +--------+--------+--------+--------+--------+-----+--------+
         Total |   4880 |   4797 |     83 |      0 |   4301 |   4 | 1220.0 |
       Dungeon |   4880 |   4797 |     83 |      0 |   4301 |   4 | 1220.0 |
               +--------+--------+--------+--------+--------+-----+--------+

Top non-repeatable levels by time:
     D:2: 2197 daAuts
     D:1: 1556 daAuts
     D:3: 1000 daAuts
     D:4: 126 daAuts
